 Seeded DCSS version 0.30-a0-341-g682706514a (webtiles) character file.

Game seed: 7130546335830651708 (custom seed)

355 purpskrrrp the Magician (level 6, -1/40 HPs)
             Began as a Djinni Earth Elementalist on Nov 5, 2022.
             Slain by an iguana (2 damage)
             ... on level 4 of the Dungeon.
             The game lasted 00:07:09 (2411 turns).

purpskrrrp the Magician (Djinni Earth Elementalist) Turns: 2411, Time: 00:07:09

Health: -1/40      AC:  3    Str:  7    XL:     6   Next: 95%
Gold:   122        EV: 12    Int: 19    God:
                   SH:  0    Dex: 19

rFire   + + .      SeeInvis .    d - staff of death
rCold   x . .      Faith    .    (no shield)
rNeg    + . .      Spirit   .    a - +0 robe
rPois   ∞          Reflect  .    (no helmet)
rElec   .          Harm     .    (no cloak)
rCorr   .          Rampage  .    o - +0 pair of gloves
Will    .....                    (boots unavailable)
Stlth   ++........               (no amulet)
HPRegen 0.26/turn                g - +6 ring of dexterity
MPRegen 0.00/turn                (no ring)

@: mighty, flying
A: sickness immunity, fire resistance 2, cold vulnerability 1, float, innate
caster, HP casting, extra vitality 1
a: no special abilities


You were on level 4 of the Dungeon.
You visited 1 branch of the dungeon, and saw 4 of its levels.

You collected 122 gold pieces.

Inventory:

Missiles
 k - 2 throwing nets
Armour
 a - a +0 robe (worn)
 o - a +0 pair of gloves (worn)
Magical Staves
 d - a staff of death (weapon)
Jewellery
 g - a +6 ring of dexterity (left hand)
Scrolls
 b - a scroll of brand weapon {unknown}
 c - 4 scrolls of identify {unknown}
 h - a scroll of silence {unknown}
 i - a scroll of enchant armour {unknown}
 p - a scroll of noise {unknown}
 s - 2 scrolls of butterflies {unknown}
 u - a scroll of enchant weapon {unknown}
Potions
 e - a potion of curing {unknown}
 f - 2 potions of might
 j - a potion of flight
 l - a potion of brilliance {unknown}
 m - a potion of degeneration {unknown}
 n - a potion of ambrosia {unknown}
 q - a potion of invisibility {unknown}
 r - a potion of cancellation {unknown}
 t - a potion of haste {unknown}


   Skills:
 - Level 2.1 Dodging
 - Level 1.5 Stealth
 + Level 5.6 Spellcasting


You had 3 spell levels left.
You knew the following spells:

 Your Spells              Type           Power      Damage    Failure   Level
a - Sandblast             Erth           52%        2d12      1%          1
b - Passwall              Tmut/Erth      21%        N/A       1%          2
c - Stone Arrow           Conj/Erth      52%        3d10      3%          3
d - Petrify               Tmut/Erth      26%        N/A       12%         4
e - Freeze                Ice            100%       1d10      1%          1
f - Scorch                Fire           52%        2d7       1%          2
Your spell library was empty.

Dungeon Overview and Level Annotations

Branches:
Dungeon (4/15)
 Temple: D:4-7

Altars:
Fedhas
Zin


Innate Abilities, Weirdness & Mutations

You are immune to sickness and miasma.
You are immune to poison.
Your flesh is very heat resistant. (rF++)
You are vulnerable to cold. (rC-)
You float through the air rather than walking.
You learn spells naturally, not from books.
Your magical power is your life essence.
You have superior vitality. (+4 MHP)


Message History

Press: ? - help, Q - select action, (/) - cycle Shift-Dir - straight line, f/p - iguana
Aim: an iguana (85% to hit)
The blast of sand hits the iguana.
The iguana is lightly wounded.
The iguana bites you! x2
Aiming: Sandblast (safe; 1% risk of failure)
Press: ? - help, Q - select action, (/) - cycle Shift-Dir - straight line, f/p - iguana
Aim: an iguana (lightly wounded, 85% to hit)
The blast of sand hits the iguana but does no damage.
The iguana is lightly wounded.
* * * LOW HITPOINT WARNING * * *
The iguana bites you.
* * * LOW HITPOINT WARNING * * *
Aiming: Sandblast (safe; 1% risk of failure)
Press: ? - help, Q - select action, (/) - cycle Shift-Dir - straight line, f/p - iguana
Aim: an iguana (85% to hit)
Okay, then.
Okay, then.
Okay, then.
Casting: Sandblast (safe; 1% risk of failure)
Confirm with . or Enter, or press ? or * to list all spells.
The spell is quite dangerous to miscast (12% risk of failure)!
Continue anyway?
Okay, then.
Casting: Petrify (quite dangerous; 12% risk of failure)
Confirm with . or Enter, or press ? or * to list all spells.
The spell is quite dangerous to miscast (12% risk of failure)!
Continue anyway?
Aiming: Petrify (quite dangerous; 12% risk of failure)
Press: ? - help, Shift-Dir - straight line, f/p - iguana
Aim: an iguana (chance to affect: 66%)
The iguana struggles to resist.
* * * LOW HITPOINT WARNING * * *
The iguana bites you.
* * * LOW HITPOINT WARNING * * *
It was a potion of flight.
You feel more buoyant. The iguana barely misses you.
It was a potion of might.
You feel very mighty all of a sudden. The iguana bites you.
You die...

# .# .# ##.
###'#.'.. #.....'..
#########.....'..
##...).@l...).#
#..#...#####+##
#........###
#......_...#+##
#......(......#
#._..8........#####
#.................#
##................
#..._............#


You could see an iguana.

Vanquished Creatures
  Menkaure (D:4)
  A black bear (D:4)
  A scorpion (D:4)
  A hound (D:3)
  6 adders
  3 gnolls (D:2)
  A dart slug (D:2)
  An orc (D:4)
  A bat (D:3)
  9 endoplasms
  3 giant cockroaches
  7 hobgoblins
  6 kobolds
  4 ball pythons
  A frilled lizard (D:2)
  3 goblins
  2 rats
51 creatures vanquished.

Vanquished Creatures (others)
  3 plants (D:4)
3 creatures vanquished.

Grand Total: 54 creatures vanquished

Notes
Turn   | Place    | Note
-------+----------+-------------------------------------------
     0 | D:1      | purpskrrrp the Djinni Earth Elementalist began the quest
                  | for the Orb.
     0 | D:1      | purpskrrrp set off with the following spells memorised:
                  | Sandblast, Passwall, Stone Arrow, Petrify.
     0 | D:1      | Reached XP level 1. HP: 15/15 MP: 0/0
    78 | D:1      | Reached XP level 2. HP: 19/21 MP: 0/0
    78 | D:1      | Identified a scroll of acquirement
    78 | D:1      | Acquired a staff of death
   284 | D:1      | Reached skill level 3 in Spellcasting
   579 | D:2      | Reached XP level 3. HP: 24/25 MP: 0/0
   579 | D:2      | Learned a level 1 spell: Freeze
   637 | D:2      | Reached XP level 4. HP: 7/31 MP: 0/0
  1635 | D:3      | Reached skill level 4 in Spellcasting
  1730 | D:3      | Found a faded altar of an unknown god.
  1778 | D:3      | Reached XP level 5. HP: 34/35 MP: 0/0
  1778 | D:3      | Learned a level 2 spell: Scorch
  2333 | D:4      | Noticed Menkaure
  2342 | D:4      | Noticed a black bear
  2343 | D:4      | Killed Menkaure
  2344 | D:4      | Reached skill level 5 in Spellcasting
  2344 | D:4      | Reached XP level 6. HP: 38/40 MP: 0/0
  2347 | D:4      | Killed a black bear
  2377 | D:4      | Found a blossoming altar of Fedhas.
  2380 | D:4      | Found a glowing silver altar of Zin.
  2409 | D:4      | HP: 1/40 [iguana (5)]
  2411 | D:4      | Slain by an iguana

Illustrated notes

Levels and vault maps discovered:
D:1:      dpeg_arrival_refuge, layout_basic
D:2:      layout_basic
D:3:      layout_rooms, nicolae_vehumet_radiance,
          shapermc_ecumenical_altar_petra
D:4:      cheibrodos_fertilizer, layout_basic, nicolae_hepliaklqana_hazy_memory,
          grunt_temple_overflow_open, kennysheep_windowed_goal, uniq_menkaure,
          uniq_grinder

Skill      XL: |  1  2  3  4  5 |
---------------+----------------+-----
Spellcasting   | 3 4 5 |  5.6
Dodging        | |  2.1
Stealth        | |  1.5

Action                   |  1- 3 |  4- 6 || total
-------------------------+-------+-------++-------
Melee: Unarmed           |     9 |       ||     9
       Staff             |    14 |    13 ||    27
       Punch             |     1 |       ||     1
 Cast: Sandblast         |    27 |    49 ||    76
       Stone Arrow       |       |     1 ||     1
       Petrify           |       |     1 ||     1
  Use: Scroll            |     1 |       ||     1
       Potion            |       |     3 ||     3
Armor: Robe              |     5 |     8 ||    13
Dodge: Dodged            |    20 |    28 ||    48

Table legend: (Time is in decaauts)
 A = Elapsed time spent in this place.
 B = Non-inter-level travel time spent in this place.
 C = Inter-level travel time spent in this place.
 D = Time resting spent in this place.
 E = Time spent auto-exploring this place.
 F = Levels seen in this place.
 G = Mean time per level.
                   A        B        C        D        E       F      G
               +--------+--------+--------+--------+--------+-----+--------+
         Total |   2452 |   2374 |     78 |    185 |   1827 |   4 |  613.0 |
       Dungeon |   2452 |   2374 |     78 |    185 |   1827 |   4 |  613.0 |
               +--------+--------+--------+--------+--------+-----+--------+

Top non-repeatable levels by time:
     D:2: 1104 daAuts
     D:3: 670 daAuts
     D:1: 547 daAuts
     D:4: 130 daAuts
